 Dungeon Crawl Stone Soup version 0.20.1-1-g8b1a95d66d (webtiles) character file.

7 Gargoyl the Skirmisher (level 1, -9/19 HPs)
             Began as a Centaur Abyssal Knight on Jan 3, 2018.
             Was a Follower of Lugonu.
             Mangled by a tentacled starspawn (22 damage)
             ... on level 2 of the Abyss.
             The game lasted 00:01:41 (317 turns).

Gargoyl the Skirmisher (Centaur Abyssal Knight)      Turns: 317, Time: 00:01:41

Health: -9/19      AC:  6    Str: 14      XL:     1   Next: 83%
Magic:  2/2        EV:  9    Int:  5 (11) God:    Lugonu [*.....]
Gold:   40         SH:  0    Dex:  8      Spells: 0/0 levels left

rFire    . . .     SeeInvis .   a - +1 hand axe
rCold    . . .     Gourm    .   (no shield)
rNeg     . . .     Faith    .   b - +0 leather armour
rPois    .         Spirit   .   d - +2 hat
rElec    .         Reflect  .   (no cloak)
rCorr    .         Harm     .   (no gloves)
MR       .....                  (no barding)
Stlth    ..........             (no amulet)
Regen    0.1/turn               (no ring)
MPRegen  0.1/turn               (no ring)

@: very quick
A: hooves 3, blurry vision 1, deformed body, speed 2, tough skin 3, MP-powered
wands
a: Depart the Abyss, Renounce Religion


You were on level 2 of the Abyss.
You worshipped Lugonu.
Lugonu was aware of your devotion.
You were not hungry.

You visited 0 branches of the dungeon, and saw 0 of its levels.
You visited the Abyss 1 time.

You collected 40 gold pieces.

Inventory:

Hand Weapons
 a - a +1 hand axe (weapon)
Armour
 b - a +0 leather armour (worn)
 d - a +2 hat (worn)
Wands
 e - a wand of paralysis (13/24)
Comestibles
 c - 2 bread rations


   Skills:
 + Level 3.3 Fighting
 + Level 1.9 Axes
 + Level 1.5 Armour
 + Level 0.6 Dodging
 + Level 2.0 Invocations


You couldn't memorise any spells.
You didn't know any spells.

Dungeon Overview and Level Annotations

Branches:
Dungeon (0/15)

Altars:


Innate Abilities, Weirdness & Mutations

You have hooves in place of feet.
Armour fits poorly on your strangely shaped body.
You cover ground very quickly.
You have extremely tough skin. (AC +3)
Scrolls take you a little longer to read.
You expend magic power (3 MP) to strengthen your wands.


Message History

You are covered in liquid flames!
You are covered in liquid flames!
A quasit comes into view.
The quasit gives a chilling moan.
An apocalypse crab comes into view.
The apocalypse crab moves out of view.
Unknown command.
The quasit barely misses you.
The quasit claws you but does no damage. x2
Found 25 stones.
You see here 25 stones.
Found 44 gold pieces.
A freezing wraith comes into view.
A balrug comes into view.
It is wielding a demon whip of electrocution.
The balrug shouts!
A tentacled starspawn comes into view.
A shadow comes into view.
The tentacled starspawn bites you!!
Ouch! That really hurt!
You die...

##. #.#..# .# .
###...###.##5#...#
#...#..... ##.# #.
#....2### ### .
##..#5.# # ###.###
#..#.# ###.## #@##
#.X## #... #.#..
.W #.. .# .#. ####


You could see a tentacled starspawn and a shadow.

Vanquished Creatures
  A white imp (Abyss:1)
1 creature vanquished.

Vanquished Creatures (others)
  2 starspawn tentacles (Abyss:1)
2 creatures vanquished.

Grand Total: 3 creatures vanquished

Notes
Turn   | Place    | Note
-------+----------+-------------------------------------------
     0 | Abyss:1  | Gargoyl the Centaur Abyssal Knight began the quest for the Orb.
     0 | Abyss:1  | Reached XP level 1. HP: 19/19 MP: 2/2
   105 | Abyss:1  | Noticed a chaos spawn
   127 | Abyss:1  | Noticed a large abomination
   127 | Abyss:1  | Noticed a tentacled starspawn
   136 | Abyss:1  | Noticed a neqoxec
   141 | Abyss:1  | Noticed a crimson imp
   141 | Abyss:1  | Noticed an iron imp
   141 | Abyss:1  | Noticed a quasit
   143 | Abyss:1  | Gained mutation: Scrolls take you a little longer to read. [a neqoxec]
   168 | Abyss:1  | Noticed a small abomination
   188 | Abyss:1  | Noticed an efreet
   192 | Abyss:1  | Noticed a neqoxec
   193 | Abyss:1  | Gained mutation: You expend magic power (3 MP) to strengthen your wands. [a neqoxec]
   194 | Abyss:1  | Noticed a glowing orange brain
   202 | Abyss:1  | Noticed a quasit
   206 | Abyss:1  | Noticed a flying skull
   206 | Abyss:1  | Noticed an iron imp
   249 | Abyss:2  | Noticed an iron dragon zombie
   276 | Abyss:2  | Noticed a smoke demon
   283 | Abyss:2  | Noticed a quasit
   284 | Abyss:2  | Noticed an apocalypse crab
   301 | Abyss:2  | Noticed a freezing wraith
   304 | Abyss:2  | Noticed a balrug
   316 | Abyss:2  | Noticed a tentacled starspawn
   317 | Abyss:2  | Noticed a shadow
   317 | Abyss:2  | Mangled by a tentacled starspawn

Action                   || total
-------------------------++-------
Melee: Hand axe          ||     7
Armor: Leather armour    ||     5
Dodge: Dodged            ||     6
